 Dungeon Crawl Stone Soup version 0.30.1-11-g7821555f0a (webtiles) character file.

Game seed: 14367814735715735559

53 lonewolfV2 the Shield-Bearer (level 3, -3/31 HPs)
             Began as a Minotaur Fighter on Nov 14, 2023.
             Splashed by a jelly's acid (7 damage)
             ... on level 3 of the Dungeon.
             The game lasted 00:01:13 (753 turns).

lonewolfV2 the Shield-Bearer (Minotaur Fighter)      Turns: 753, Time: 00:01:13

Health: -3/31      AC:  0    Str: 20    XL:     3   Next: 64%
Magic:  2/2        EV:  9    Int:  5    God:
Gold:   36         SH:  5    Dex: 11    Spells: 2/2 levels left

rFire   . . .        a - +0 war axe
rCold   . . .        c - +0 buckler
rNeg    . . .        b - +0 scale mail
rPois   .            (helmet restricted)
rElec   .            (no cloak)
rCorr   .            (no gloves)
SInv    .            (no boots)
Will    .....        (no amulet) Stlth
                     (no ring)
HPRegen 0.25/turn    (no ring)
MPRegen 0.08/turn

%: no passive effects
@: corroded
A: horns 2, retaliatory headbutt
a: no special abilities


You were on level 3 of the Dungeon.
You visited 1 branch of the dungeon, and saw 3 of its levels.

You collected 36 gold pieces.

Inventory:

Hand Weapons
 a - a +0 war axe (weapon)
Armour
 b - a +0 scale mail (worn)
 c - a +0 buckler (worn)
Potions
 d - a potion of might
 e - a potion of cancellation {unknown}
 g - a potion of lignification


   Skills:
 - Level 3.6 Fighting
 - Level 2.4 Axes
 + Level 4.7 Armour
 + Level 4.7 Shields


You had 2 spell levels left.
You didn't know any spells.
Your spell library was empty.

Dungeon Overview and Level Annotations

Branches:
Dungeon (3/15)

Altars:


Innate Abilities, Weirdness & Mutations

You have a pair of horns on your head.
You reflexively headbutt those who attack you in melee.


Message History

Something hits you but does no damage. The orc hits you but does no damage.
The orc completely misses you.
You barely miss the orc. You headbutt the orc.
The orc is almost dead.
You miss something. You barely miss the orc.
Something hits you but does no damage. The orc hits you with a +0 hand axe. x2
You closely miss the orc. Your headbutt misses the orc.
The orc is almost dead.
You slash something! You hit the orc.
You kill the orc!
The orc barely misses you. You furiously retaliate!
You headbutt the orc!
You kill the orc!
Something hits you but does no damage. x2
A jelly comes into view.
Something hits you but does no damage.
The jelly quivers.
You hear some strange, mumbled words.
You are confused.
Items here: )) [ †.
You bump into the rock wall.
You barely miss the jelly. The jelly hits you but does no damage.
You bump into the rock wall.
The jelly hits you but does no damage.
You barely miss the jelly. You headbutt the jelly.
The jelly is moderately wounded.
The jelly hits you but does no damage. x2
You hit the jelly but do no damage. The acid corrodes you!
Your hands burn!
The jelly is moderately wounded.
You feel less confused. You block the jelly's attack.
You hit the jelly. The acid corrodes you!
Your hands burn!
The jelly is heavily wounded.
The jelly hits you.
You are splashed with acid!
* * * LOW HITPOINT WARNING * * *
You hit the jelly.
Your hands burn!
* * * LOW HITPOINT WARNING * * *
The jelly is heavily wounded.
The jelly hits you.
* * * LOW HITPOINT WARNING * * *
The acid corrodes you!
You are splashed with acid!
You die...

# #. # #.##### #
#.....######## #
#..{J@.....#
#..#######.# # #
#.....# $
####.#..##.####.
#
................
.....#.#.#.#####
.
###..#..........
. #. ##########.
. #.


You could see a jelly.

Vanquished Creatures
  2 adders (D:2)
  2 dart slugs (D:2)
  4 orcs (D:3)
  4 endoplasms (D:2)
  4 goblins (D:2)
  A hobgoblin (D:2)
  3 bats (D:2)
  2 frilled lizards (D:2)
  5 kobolds
  A rat (D:2)
28 creatures vanquished.

Notes
Turn   | Place    | Note
-------+----------+-------------------------------------------
     0 | D:1      | lonewolfV2 the Minotaur Fighter began the quest for the
                  | Orb.
     0 | D:1      | Reached XP level 1. HP: 19/19 MP: 0/0
    54 | D:1      | You fall into a shaft and drop 1 floor!
   141 | D:2      | Reached XP level 2. HP: 26/26 MP: 1/1
   200 | D:2      | Reached XP level 3. HP: 27/31 MP: 2/2
   541 | D:2      | Identified the +0 leather armour of True Grit {MP+9 Dex+4}
   753 | D:3      | Splashed by a jelly's acid

Illustrated notes

Levels and vault maps discovered:
D:1:      dpeg_arrival_lava_temple_mockup, layout_basic, serial_shops, shop
D:2:      layout_basic, nicolae_eternal_life
D:3:      layout_basic, chequers_ecumenical_altar_simple,
          hangedman_decor_opposing, uniq_ijyb

Skill      XL: |  1 |
---------------+----+-----
Armour         | 4 |  4.7
Shields        | 4 |  4.7
Fighting       | |  3.6
Axes           | |  2.4

Action                     || total
---------------------------++-------
  Melee: War axe           ||    67
         Headbutt          ||     6
    Use: Scroll            ||     3
 Armour: Scale mail        ||    40
  Dodge: Dodged            ||    27
  Block: Buckler           ||    15
